 Dungeon Crawl Stone Soup version 0.21.1-1-g345015f (webtiles) character file.

739 diana the Carver (level 7, -4/57 HPs)
             Began as a Minotaur Monk on June 14, 2018.
             Was a Priest of Okawaru.
             Slain by Duvessa
             ... wielding a +0 rapier
              (13 damage)
             ... on level 5 of the Dungeon.
             The game lasted 00:05:51 (4328 turns).

diana the Carver (Minotaur Monk)                    Turns: 4328, Time: 00:05:52

Health: -4/57      AC:  2    Str: 18    XL:     7   Next: 46%
Magic:  6/6        EV: 13    Int:  7    God:    Okawaru [***...]
Gold:   397        SH:  0    Dex: 12    Spells: 6/6 levels left

rFire    . . .     SeeInvis .   j - +1 long sword (holy)
rCold    . . .     Gourm    +   (no shield)
rNeg     . . .     Faith    .   b - +0 robe
rPois    .         Spirit   .   (helmet restricted)
rElec    .         Reflect  .   (no cloak)
rCorr    .         Harm     .   (no gloves)
MR       .....                  (no boots)
Stlth    +.........             n - amulet of the gourmand
HPRegen  0.19/turn              (no ring)
MPRegen  0.10/turn              (no ring)

@: glowing
A: retaliatory headbutt, horns 2
a: Heroism, Renounce Religion


You were on level 5 of the Dungeon.
You worshipped Okawaru.
Okawaru was most pleased with you.
You were very hungry.

You visited 1 branch of the dungeon, and saw 5 of its levels.

You collected 397 gold pieces.

Inventory:

Hand Weapons
 j - a +1 long sword of holy wrath (weapon)
Armour
 b - a +0 robe (worn)
Jewellery
 n - an amulet of the gourmand (around neck)
 v - an uncursed ring of fire
Wands
 a - a wand of acid (7)
 s - a wand of disintegration (5)
Scrolls
 e - 2 scrolls of immolation {unknown}
 f - 5 scrolls of identify {unknown}
 g - 6 scrolls of remove curse
 h - 2 scrolls of magic mapping {unknown}
 p - a scroll of noise {unknown}
 q - 2 scrolls of fog {unknown}
 r - 2 scrolls of amnesia {unknown}
 u - a scroll of teleportation {unknown}
Potions
 d - a potion of heal wounds
 i - 4 potions of ambrosia {unknown}
 k - 2 potions of flight {unknown}
 l - a potion of invisibility {unknown}
 o - a potion of haste {unknown}
 t - a potion of resistance {unknown}
 w - a potion of brilliance {unknown}
Books
 m - a book of Cantrips

   Spells                             Type                      Level
   a - Confusing Touch                Hexes                        1
   b - Animate Skeleton               Necromancy                   1
   c - Summon Small Mammal            Summoning                    1
   d - Apportation                    Translocation                1
Comestibles
 c - 15 rations


   Skills:
 - Level 3.6 Fighting
 + Level 10.5 Long Blades
 - Level 3.2 Dodging
 - Level 1.5 Stealth


You had 6 spell levels left.
You didn't know any spells.

Dungeon Overview and Level Annotations

Branches:
Dungeon (5/15)
 Temple: D:4-7

Altars:
Makhleb
Nemelex Xobeh
Okawaru
Wu Jian

Annotations:
D:2 1 runed door
D:5 Dowan, Duvessa


Innate Abilities, Weirdness & Mutations

You reflexively headbutt those who attack you in melee.
You have a pair of horns on your head.


Message History

You barely miss Duvessa.
Duvessa is heavily wounded.
Dowan gestures at you while chanting. The puff of frost hits you!
You hit Duvessa.
Duvessa is severely wounded.
Duvessa hits you but does no damage. Dowan hits you with a dagger.
You hit Duvessa but do no damage.
Duvessa is heavily wounded.
Duvessa hits you with a rapier. Dowan hits you with a dagger.
You barely miss Duvessa.
Duvessa is heavily wounded.
Duvessa hits you with a rapier!
* * * LOW HITPOINT WARNING * * *
Dowan hits you with a dagger.
* * * LOW HITPOINT WARNING * * *
You barely miss Duvessa.
Duvessa is heavily wounded.
Duvessa hits you with a rapier!
You die...

##
###..............##..#
#
###.............#..##
# #.................#
# #................>.
# ##..................
##
#................###
.# #...............##
.##
##.e.............##
..#
#..e@.............###
.##
##########..........#
.# ##....#....##.. ##
#.######.###### ###
### #


You could see Duvessa and Dowan.

Vanquished Creatures
  Eustachio (D:4)
  A phantom (D:4)
  A big kobold (D:5)
  A crimson imp (D:5)
  A bullfrog zombie (D:5)
  A bullfrog skeleton (D:4)
  2 hounds (D:4)
  An orc priest (D:3)
  4 worker ants (D:4)
  The ghost of Iko the Bolt Thrower, a weakling DEHu of Fedhas (D:3)
  6 adders
  An adder zombie (D:3)
  3 worms (D:2)
  3 dart slugs
  10 orcs
  A ball python (D:1)
  17 bats
  3 goblins
  4 hobgoblins
  11 jackals
  A quokka (D:2)
  3 frilled lizards
  A jackal skeleton (D:4)
  11 kobolds
  A quokka zombie (D:5)
  7 rats
  A fungus (D:4)
98 creatures vanquished.

Notes
Turn   | Place    | Note
-------+----------+-------------------------------------------
     0 | D:1      | diana the Minotaur Monk began the quest for the Orb.
     0 | D:1      | Reached XP level 1. HP: 19/19 MP: 0/0
   228 | D:1      | Reached skill level 4 in Long Blades
   269 | D:1      | Reached XP level 2. HP: 26/26 MP: 1/1
   874 | D:2      | Reached skill level 5 in Long Blades
   968 | D:2      | Reached XP level 3. HP: 31/31 MP: 2/2
  1369 | D:2      | Found an iron altar of Okawaru.
  1380 | D:2      | Became a worshipper of Warmaster Okawaru
  1380 | D:2      | Reached * piety under Okawaru
  1380 | D:2      | Reached ** piety under Okawaru
  1468 | D:2      | Reached skill level 6 in Long Blades
  1468 | D:2      | Reached XP level 4. HP: 39/39 MP: 3/3
  1495 | D:2      | Found a sparkling altar of Nemelex Xobeh.
  1669 | D:2      | Found a runed door.
  1697 | D:3      | Noticed Iko's ghost (weakling DEHu)
  1719 | D:3      | Killed Iko's ghost
  1989 | D:3      | Reached XP level 5. HP: 38/45 MP: 4/4
  2050 | D:3      | Reached skill level 7 in Long Blades
  2856 | D:4      | Noticed a phantom
  2879 | D:4      | Killed a phantom
  2879 | D:4      | Reached skill level 8 in Long Blades
  2879 | D:4      | Reached XP level 6. HP: 30/51 MP: 5/5
  3169 | D:4      | Reached skill level 9 in Long Blades
  3415 | D:4      | Noticed Eustachio
  3448 | D:4      | Killed Eustachio
  3448 | D:4      | Reached *** piety under Okawaru
  3448 | D:4      | Reached XP level 7. HP: 42/57 MP: 6/6
  3611 | D:4      | Found a burning altar of Makhleb.
  3801 | D:5      | Entered Level 5 of the Dungeon
  3861 | D:5      | Reached skill level 10 in Long Blades
  3906 | D:5      | Found an ornate altar of the Wu Jian Council.
  4313 | D:5      | Noticed Dowan
  4315 | D:5      | Noticed Duvessa
  4328 | D:5      | Slain by Duvessa

Skill      XL: |  1  2  3  4  5  6  7 |
---------------+----------------------+-----
Long Blades    | 4 5 6 8 9 10 | 10.5
Fighting       | |  3.6
Dodging        | |  3.2
Stealth        | |  1.5

Action                   |  1- 3 |  4- 6 |  7- 9 || total
-------------------------+-------+-------+-------++-------
Melee: Falchion          |    68 |   130 |       ||   198
       Headbutt          |    12 |    21 |     6 ||    39
       Long sword        |       |       |    57 ||    57
  Use: Potion            |       |     2 |       ||     2
       Scroll            |       |     1 |       ||     1
 Stab: Sleeping          |     1 |     1 |       ||     2
  Eat: Chunk             |     2 |     5 |     4 ||    11
Armor: Robe              |    10 |    15 |    13 ||    38
Dodge: Dodged            |    65 |    75 |    46 ||   186
       Rpst.: Falchion   |    18 |    22 |       ||    40
       Long sword        |       |       |    13 ||    13
